[Event "FIDE WCCC Open-08 2024"]
[Site "Montesilvano"]
[Date "2024.11.20"]
[Round "6.49"]
[White "Thomas, Robert K"]
[Black "Kim, Rian B"]
[Result "1/2-1/2"]
[ECO "E05"]
[WhiteElo "2166"]
[BlackElo "1452"]
[Annotator "RC"]
[PlyCount "49"]
[EventDate "2024.11.18"]
[EventType "swiss"]
[EventCountry "ITA"]
[SourceTitle "playchess.com"]
[Source "ChessBase"]
[SourceQuality "1"]
[TimeControl "5400+30"]

1. d4 Nf6 2. c4 e6 3. Nf3 d5 4. g3 dxc4 5. Bg2 Be7 6. O-O c6 7. Nbd2 b5 8. a4 Bb7 9. axb5 cxb5 10. Re1 Nbd7 11. Qc2 Qc7 12. e4 a6 13. Nf1 O-O 14. Bf4 Qc6 15. Bg5 Rfe8 16. N1d2 h6 17. Be3 Nxe4 18. Bxh6 Nxd2 19. Bxd2 f6 20. Nh4 Qb6 21. Ba5 Qa7 22. Rxe6 Bxg2 23. Kxg2 Qxd4 24. Rae1 Ne5 25. Nf3 1/2-1/2

[Event "FIDE WCCC Open-08 2024"]
[Site "Montesilvano"]
[Date "2024.11.20"]
[Round "6.52"]
[White "Morais, Benjamin Guedes"]
[Black "Solovev, Nikolai"]
[Result "1-0"]
[ECO "A38"]
[WhiteElo "1652"]
[BlackElo "1446"]
[Annotator "NA RC"]
[PlyCount "85"]
[EventDate "2024.11.18"]
[EventType "swiss"]
[EventCountry "ITA"]
[SourceTitle "playchess.com"]
[Source "ChessBase"]
[SourceQuality "1"]
[TimeControl "5400+30"]

1. Nf3 c5 2. g3 Nc6 3. Bg2 g6 4. O-O Bg7 5. c4 Nf6 6. Nc3 O-O 7. a3 d6 8. Rb1 Bg4 9. b4 Nd4 10. Bb2 Bxf3 11. exf3 a6 12. Ne2 Nd7 13. Nxd4 cxd4 14. f4 Rb8 15. Qe2 b5 16. cxb5 Rxb5 17. Rfe1 Re8 18. Qe4 Qb6 19. Qc6 Nf6 20. Qxb6 Rxb6 21. Bxd4 Rbb8 22. Rec1 h5 23. Ba7 Rbc8 24. Bb7 Rxc1+ 25. Rxc1 Ng4 26. Rc8 Rxc8 27. Bxc8 Bb2 28. Bxg4 hxg4 29. a4 e5 30. fxe5 dxe5 31. Kf1 Kf8 32. Ke2 Ke7 33. Kd3 Kd6 34. Kc2 Ba3 35. b5 a5 36. d4 exd4 37. Bxd4 Kc7 38. Kb3 Bd6 39. Kc4 f5 40. Kd5 Be7 41. Ke6 Bd6 42. Be5 Bxe5 43. Kxe5 1-0

[Event "FIDE WCCC Open-08 2024"]
[Site "Montesilvano"]
[Date "2024.11.20"]
[Round "6.55"]
[White "Papadopoulos, Antonios P"]
[Black "Cronje, Frederick"]
[Result "0-1"]
[ECO "C10"]
[WhiteElo "1455"]
[BlackElo "1434"]
[Annotator "NA RC"]
[PlyCount "46"]
[EventDate "2024.11.18"]
[EventType "swiss"]
[EventCountry "ITA"]
[SourceTitle "playchess.com"]
[Source "ChessBase"]
[SourceQuality "1"]
[TimeControl "5400+30"]

1. e4 e6 2. d4 d5 3. exd5 exd5 4. Nc3 Nf6 5. Nf3 c5 6. Bg5 Bg4 7. dxc5 Bxc5 8. Nxd5 Qxd5 9. Qe2+ Qe6 10. O-O-O O-O 11. Bxf6 Qxf6 12. Qb5 Bb6 13. Be2 Nc6 14. h3 Bxf3 15. Bxf3 Rac8 16. Rd5 Nd4 17. Qd3 Nxc2 18. Kb1 Nb4 19. Qe4 Rc2 20. Qxb4 Rfc8 21. a3 Rxf2 22. Rd7 Rcc2 23. b3 Qb2# 0-1

[Event "FIDE WCCC Open-08 2024"]
[Site "Montesilvano"]
[Date "2024.11.22"]
[Round "7.1"]
[White "Sattwik Swain"]
[Black "Li, Aiden Linyuan"]
[Result "1/2-1/2"]
[ECO "B15"]
[WhiteElo "1787"]
[BlackElo "1877"]
[Annotator "NA RC"]
[PlyCount "78"]
[EventDate "2024.11.18"]
[EventType "swiss"]
[EventCountry "ITA"]
[SourceTitle "playchess.com"]
[Source "ChessBase"]
[SourceQuality "1"]
[TimeControl "5400+30"]

1. e4 c6 2. d4 d5 3. Nc3 dxe4 4. Nxe4 Nf6 5. Nxf6+ exf6 6. c3 Bd6 7. Bd3 O-O 8. Qc2 Re8+ 9. Ne2 h5 10. Be3 Nd7 11. O-O-O Nf8 12. c4 Be6 13. Nc3 Rc8 14. Kb1 a6 15. c5 $14 Bc7 16. Rhe1 Qd7 17. f3 g6 18. Ne4 Nh7 19. Nd2 Bd5 20. Nc4 Re6 21. Bf2 Rce8 22. Rxe6 Rxe6 23. Bg3 f5 24. Bxc7 Qxc7 25. Nd6 Nf6 26. Qd2 Ne8 27. Nxe8 Rxe8 28. h3 Qe7 29. Qf4 Qe3 30. Qxe3 Rxe3 31. Kc2 Kg7 32. a3 Kf6 33. Kd2 Re6 34. Re1 Kg5 35. Rxe6 fxe6 36. Ke3 Kf6 37. f4 Bxg2 38. h4 Bd5 39. b4 Ke7 1/2-1/2

[Event "FIDE WCCC Open-08 2024"]
[Site "Montesilvano"]
[Date "2024.11.22"]
[Round "7.2"]
[White "Badescu, Matei-Andrei"]
[Black "Demchenko, Timofei"]
[Result "1-0"]
[ECO "C02"]
[WhiteElo "1829"]
[BlackElo "1969"]
[Annotator "RC"]
[PlyCount "173"]
[EventDate "2024.11.18"]
[EventType "swiss"]
[EventCountry "ITA"]
[SourceTitle "playchess.com"]
[Source "ChessBase"]
[SourceQuality "1"]
[TimeControl "5400+30"]

1. e4 e6 2. d4 d5 3. e5 c5 4. c3 Nc6 5. Nf3 Bd7 6. Be2 cxd4 7. cxd4 Rc8 8. O-O Nge7 9. Na3 a6 10. Nc2 Nf5 11. Bd3 Be7 12. Bd2 O-O 13. Bc3 b5 14. a3 f6 15. exf6 Bxf6 16. Re1 Qb6 17. Bxf5 exf5 18. Ne3 Ne7 19. Bb4 Be6 20. Bc5 Rxc5 21. dxc5 Qxc5 22. Nc2 Qd6 23. Nfd4 Bd7 24. Qd2 Ng6 25. Rad1 Rc8 26. Qb4 Qb6 27. Ne3 Ne7 28. Nf3 a5 29. Qd2 Be6 30. Nd4 Bf7 31. Ndxf5 Rd8 32. Nxe7+ Bxe7 33. Ng4 Bc5 34. b4 axb4 35. axb4 Bd6 36. Qg5 Kh8 37. Ne5 Bxe5 38. Qxe5 Qg6 39. Qd4 h6 40. Rc1 Rd6 41. Rc3 Rf6 42. h3 Kh7 43. Rg3 Qc2 44. Qd3+ Qxd3 45. Rxd3 g5 46. Rf3 Kg6 47. Rxf6+ Kxf6 48. f3 d4 49. Kf2 Bc4 50. Re4 d3 51. Ke1 Kf5 52. Kd2 h5 53. g4+ hxg4 54. hxg4+ Kf6 55. Re3 Kf7 56. Rxd3 Ke6 57. Re3+ Kf6 58. Ke1 Kg6 59. Kf2 Kf6 60. Kg3 Bd5 61. f4 gxf4+ 62. Kxf4 Bc4 63. Re5 Bf1 64. g5+ Kg6 65. Ke3 Bc4 66. Kd4 Bf1 67. Kc5 Bc4 68. Kb6 Bf1 69. Rxb5 Bxb5 70. Kxb5 Kxg5 71. Kc6 Kf6 72. b5 Ke7 73. Kc7 Ke6 74. b6 Ke5 75. b7 Kd4 76. b8=Q Kd5 77. Qe8 Kd4 78. Qe2 Kc3 79. Qd1 Kc4 80. Kd6 Kc3 81. Qg4 Kd3 82. Kd5 Ke3 83. Qg3+ Kd2 84. Kd4 Ke2 85. Qg2+ Kd1 86. Kd3 Kc1 87. Qc2# 1-0

[Event "FIDE WCCC Open-08 2024"]
[Site "Montesilvano"]
[Date "2024.11.22"]
[Round "7.3"]
[White "Kavish Palaniappan K"]
[Black "Mani, Sarbartho"]
[Result "0-1"]
[ECO "C02"]
[WhiteElo "1589"]
[BlackElo "1824"]
[Annotator "NA RC"]
[PlyCount "106"]
[EventDate "2024.11.18"]
[EventType "swiss"]
[EventCountry "ITA"]
[SourceTitle "playchess.com"]
[Source "ChessBase"]
[SourceQuality "1"]
[TimeControl "5400+30"]

1. e4 e6 2. d4 d5 3. e5 c5 4. c3 Nc6 5. Nf3 Qb6 6. a3 c4 7. Nbd2 Na5 8. Rb1 Bd7 9. h4 Ne7 10. h5 h6 11. b4 cxb3 12. Nxb3 Ba4 13. Nxa5 Bxd1 14. Rxb6 axb6 15. Nxb7 Ba4 16. Nd6+ Kd7 17. Nxf7 Rg8 18. Bd3 Nf5 19. g4 Ke8 20. gxf5 Kxf7 21. fxe6+ Kxe6 22. Rg1 Be8 23. Bg6 Bxa3 24. Bxe8 Rgxe8 25. Bd2 Bf8 26. Rg6+ Kd7 27. Rxb6 Be7 28. Ke2 Ra2 29. Rg6 Bf8 30. Nh4 Re6 31. Rg3 Rb6 32. f4 Rbb2 33. Nf3 Rb1 34. Rg2 Rh1 35. Rh2 Rxh2+ 36. Nxh2 Ke6 37. Ng4 Kf5 38. Nf2 Ra1 39. Kd3 Be7 40. Be3 Bh4 41. Nh3 Bg3 42. Ke2 Ke4 43. Nf2+ Bxf2 44. Kxf2 Ra2+ 45. Kg3 Kxe3 46. c4 dxc4 47. d5 c3 48. e6 c2 49. e7 Ra8 50. d6 c1=Q 51. d7 Qg1+ 52. Kh4 Kxf4 53. e8=Q Qh2# 0-1

[Event "FIDE WCCC Open-08 2024"]
[Site "Montesilvano"]
[Date "2024.11.22"]
[Round "7.4"]
[White "Bausys, Benas"]
[Black "Protopopescu, Luca"]
[Result "0-1"]
[ECO "D11"]
[WhiteElo "1564"]
[BlackElo "1818"]
[Annotator "NA RC"]
[PlyCount "108"]
[EventDate "2024.11.18"]
[EventType "swiss"]
[EventCountry "ITA"]
[SourceTitle "playchess.com"]
[Source "ChessBase"]
[SourceQuality "1"]
[TimeControl "5400+30"]

1. Nf3 d5 2. d4 Nf6 3. e3 Bg4 4. c4 c6 5. h3 Bxf3 6. Qxf3 e6 7. Nc3 Bd6 8. Bd2 Nbd7 9. Bd3 a6 10. O-O O-O 11. Rad1 Rc8 12. b3 Re8 13. e4 e5 14. exd5 exd4 15. Ne4 Nxe4 16. Bxe4 c5 17. g3 Ne5 18. Qg2 b5 19. f4 Ng6 20. h4 f6 21. h5 Nf8 22. g4 g6 23. Rde1 Rc7 24. Qh3 Rce7 25. Qd3 Qd7 26. f5 g5 27. Rf2 bxc4 28. bxc4 Qa4 29. Rfe2 Nd7 30. Qb3 Qxb3 31. axb3 Bg3 32. d6 Bxd6 33. Bd5+ Kg7 34. Rxe7+ Rxe7 35. Be6 Ne5 36. Rf1 Rb7 37. Bd5 Rxb3 38. Ra1 Rb6 39. Ba5 Rb2 40. Be1 Nxg4 41. Rxa6 Bh2+ 42. Kh1 Rb1 43. Ra7+ Kf8 44. Bf3 Rxe1+ 45. Kg2 Ne5 46. Ra8+ Ke7 47. Ra7+ Kd8 48. Rxh7 Rg1+ 49. Kf2 Nxf3 50. Kxf3 Rg3+ 51. Ke2 d3+ 52. Kd2 Rh3 53. h6 Bf4+ 54. Kd1 Rh1# 0-1

[Event "FIDE WCCC Open-08 2024"]
[Site "Montesilvano"]
[Date "2024.11.22"]
[Round "7.5"]
[White "Jia, Zining (Matthew)"]
[Black "Ulan, Rizat"]
[Result "0-1"]
[ECO "E92"]
[WhiteElo "1550"]
[BlackElo "1783"]
[Annotator "NA RC"]
[PlyCount "208"]
[EventDate "2024.11.18"]
[EventType "swiss"]
[EventCountry "ITA"]
[SourceTitle "playchess.com"]
[Source "ChessBase"]
[SourceQuality "1"]
[TimeControl "5400+30"]

1. d4 Nf6 2. c4 g6 3. Nc3 Bg7 4. e4 d6 5. Nf3 O-O 6. Be2 e5 7. dxe5 dxe5 8. Qxd8 Rxd8 9. Bg5 Re8 10. Nd5 Nxd5 11. cxd5 c6 12. Bc4 cxd5 13. Bxd5 Nc6 14. O-O h6 15. Be3 Ne7 16. Bb3 Bd7 17. Nd2 Bf8 18. Rac1 Nc6 19. Rfd1 Kg7 20. Bd5 Red8 21. Nb3 Rac8 22. f3 Be8 23. Bxc6 Rxd1+ 24. Rxd1 Bxc6 25. Rc1 b6 26. Kf2 Bd7 27. Rxc8 Bxc8 28. Nd2 Kf6 29. b3 h5 30. a4 Bb4 31. Nc4 Be6 32. Ke2 Bd7 33. Kd3 Ke6 34. h3 f5 35. Nd2 f4 36. Bf2 Bc8 37. Nc4 g5 38. g3 fxg3 39. Bxg3 Ba6 40. Bxe5 Bc5 41. Bg3 h4 42. Bh2 Kf6 43. Be5+ Ke7 44. f4 g4 45. Ke2 g3 46. Kf3 Bb7 47. f5 g2 48. f6+ Kf8 49. Kxg2 Bxe4+ 50. Kh2 Bc2 51. a5 Bxb3 52. axb6 axb6 53. Nd2 Bd5 54. Nb1 b5 55. Nc3 Bc6 56. Ne2 b4 57. Nf4 Kf7 58. Nd3 Bf8 59. Kg1 Bb5 60. Nf2 Bc5 61. Kg2 Ke6 62. Bb2 Kf5 63. Ng4 Bd6 64. Nh6+ Kg6 65. Ng4 Kg5 66. Ne3 Bd7 67. Nc4 Bc6+ 68. Kg1 Bc5+ 69. Kh2 Bd5 70. Nd2 Kf5 71. Ba1 Be3 72. Nf1 Bc1 73. Bd4 b3 74. Ne3+ Bxe3 75. Bb2 Ke6 76. f7 Kxf7 77. Ba3 Bf4+ 78. Kg1 Be5 79. Bc1 Ke6 80. Kf1 Kf5 81. Kg1 Ke4 82. Ba3 Kd3 83. Bc1 Kc2 84. Ba3 Bd4+ 85. Kh2 Be5+ 86. Kg1 Bf4 87. Kf2 Kb1 88. Be7 b2 89. Bf6 Kc2 90. Bxb2 Kxb2 91. Kg1 Bg3 92. Kf1 Kc3 93. Kg1 Kd3 94. Kf1 Ke3 95. Kg1 Kf3 96. Kf1 Be6 97. Kg1 Bxh3 98. Kh1 Bf1 99. Kg1 Ba6 100. Kh1 h3 101. Kg1 h2+ 102. Kh1 Kf4 103. Kg2 Be2 104. Kh1 Bf3# 0-1

[Event "FIDE WCCC Open-08 2024"]
[Site "Montesilvano"]
[Date "2024.11.22"]
[Round "7.6"]
[White "Su, Milo"]
[Black "Guo, Philipp Ziming"]
[Result "0-1"]
[ECO "B23"]
[WhiteElo "1696"]
[BlackElo "2139"]
[Annotator "NA RC"]
[PlyCount "76"]
[EventDate "2024.11.18"]
[EventType "swiss"]
[EventCountry "ITA"]
[SourceTitle "playchess.com"]
[Source "ChessBase"]
[SourceQuality "1"]
[TimeControl "5400+30"]

1. e4 c5 2. Nc3 Nc6 3. Bb5 g6 4. Bxc6 dxc6 5. d3 Bg7 6. Be3 b6 7. Qd2 e5 8. f4 f6 9. O-O-O Qc7 10. Nf3 Bd7 11. Rhf1 h6 12. fxe5 fxe5 13. Nh4 Ne7 14. Qe2 Be6 15. Rf2 $14 O-O-O 16. Rdf1 Rhf8 17. h3 Qd7 18. g4 g5 19. Nf5 Ng6 20. Na4 Nf4 21. Qd1 Bxf5 22. gxf5 Nxh3 23. Rf3 g4 24. Rg3 h5 25. Qe2 Nf4 26. Qd2 Bh6 27. Kb1 Rg8 28. Rh1 Qe7 29. Qd1 Qf6 30. b3 Nh3 31. Bxh6 Qxh6 32. Qe2 Qf4 33. Rg2 Qf3 34. Rgh2 Qxe2 35. Rxe2 Nf4 36. Re3 g3 37. Nc3 g2 38. Rg1 h4 0-1

[Event "FIDE WCCC Open-08 2024"]
[Site "Montesilvano"]
[Date "2024.11.22"]
[Round "7.7"]
[White "Divith Reddy Adulla"]
[Black "Stankowski, Wiktor"]
[Result "1-0"]
[ECO "B22"]
[WhiteElo "1784"]
[BlackElo "1617"]
[Annotator "NA RC"]
[PlyCount "95"]
[EventDate "2024.11.18"]
[EventType "swiss"]
[EventCountry "ITA"]
[SourceTitle "playchess.com"]
[Source "ChessBase"]
[SourceQuality "1"]
[TimeControl "5400+30"]

1. e4 c5 2. c3 Nf6 3. e5 Nd5 4. d4 cxd4 5. Nf3 Nc6 6. cxd4 d6 7. Bc4 Nb6 8. Bb5 dxe5 9. Nxe5 Bd7 10. Nxd7 Qxd7 11. Nc3 e6 12. O-O Be7 13. Qg4 O-O 14. Bxc6 Qxc6 15. Bh6 Bf6 16. Rfd1 Rfd8 17. Ne4 e5 18. Rac1 Qe6 19. Qxe6 fxe6 20. Nxf6+ gxf6 21. dxe5 fxe5 22. Re1 Rac8 23. Rxc8 Rxc8 24. Rxe5 Rc2 25. g3 Rxb2 26. Rg5+ Kf7 27. Rg7+ Kf6 28. Rxb7 Rxa2 29. Rxh7 a5 30. Rb7 Nd5 31. h4 a4 32. h5 a3 33. Ra7 Kf5 34. Rf7+ Kg4 35. Bf8 Kxh5 36. Ra7 Kg4 37. Bxa3 Kf3 38. Rf7+ Ke4 39. Bf8 e5 40. Bg7 Ra5 41. f3+ Kd4 42. f4 Ra1+ 43. Kh2 Ra2+ 44. Kh3 Rf2 45. Bxe5+ Ke4 46. Ra7 Rf3 47. Ra4+ Kf5 48. Kh4 1-0

[Event "FIDE WCCC Open-08 2024"]
[Site "Montesilvano"]
[Date "2024.11.22"]
[Round "7.8"]
[White "Ranganathan, Aadith"]
[Black "Pham, Han Nam"]
[Result "0-1"]
[ECO "B31"]
[WhiteElo "1645"]
[BlackElo "1912"]
[Annotator "NA RC"]
[PlyCount "62"]
[EventDate "2024.11.18"]
[EventType "swiss"]
[EventCountry "ITA"]
[SourceTitle "playchess.com"]
[Source "ChessBase"]
[SourceQuality "1"]
[TimeControl "5400+30"]

1. e4 c5 2. Nf3 Nc6 3. Bb5 g6 4. O-O Bg7 5. c3 Nf6 6. Re1 O-O 7. d4 d5 8. e5 Ne4 9. Bxc6 bxc6 10. Nbd2 cxd4 11. cxd4 c5 12. dxc5 Nxc5 13. Qc2 Qb6 14. Nd4 Ne4 15. N2f3 $15 Bxe5 16. Nxe5 Qxd4 17. Nc6 Qf6 18. f3 Bd7 19. Nxe7+ Qxe7 20. fxe4 Rfe8 21. e5 Bf5 22. Qf2 Rac8 23. Bf4 Rc2 24. Re2 Rec8 25. Rae1 Qb4 26. Rxc2 Rxc2 27. Qe3 Qxb2 28. Rc1 Rxg2+ 29. Kh1 Rxh2+ 30. Bxh2 Be4+ 31. Kg1 Qg2# 0-1

[Event "FIDE WCCC Open-08 2024"]
[Site "Montesilvano"]
[Date "2024.11.22"]
[Round "7.9"]
[White "Xu, Zhihan (Samuel)"]
[Black "Batbileg, Boldbaatar"]
[Result "1-0"]
[ECO "C55"]
[WhiteElo "1881"]
[BlackElo "1623"]
[Annotator "NA RC"]
[PlyCount "57"]
[EventDate "2024.11.18"]
[EventType "swiss"]
[EventCountry "ITA"]
[SourceTitle "playchess.com"]
[Source "ChessBase"]
[SourceQuality "1"]
[TimeControl "5400+30"]

1. e4 e5 2. Nf3 Nc6 3. Bc4 Nf6 4. d3 Be7 5. O-O O-O 6. Nc3 d6 7. a4 Bg4 8. h3 Bh5 9. Be3 Qc8 10. a5 a6 11. Re1 Nb4 12. Bb3 Rd8 13. Nd5 Nbxd5 14. exd5 Ne8 15. g4 Bg6 16. Ra4 f5 17. Nxe5 dxe5 18. d6+ Kh8 19. dxe7 Rd6 20. Bc5 Rc6 21. Rxe5 Nf6 22. Rd4 Qe8 23. Be6 fxg4 24. hxg4 h6 25. f4 b6 26. Ba3 Rxe6 27. Rxe6 Bf7 28. Re5 Kh7 29. Qf3 1-0

[Event "FIDE WCCC Open-08 2024"]
[Site "Montesilvano"]
[Date "2024.11.22"]
[Round "7.10"]
[White "Adilbek, Adinur"]
[Black "Ayaan Phutane"]
[Result "0-1"]
[ECO "E05"]
[WhiteElo "1651"]
[BlackElo "1796"]
[Annotator "NA RC"]
[PlyCount "110"]
[EventDate "2024.11.18"]
[EventType "swiss"]
[EventCountry "ITA"]
[SourceTitle "playchess.com"]
[Source "ChessBase"]
[SourceQuality "1"]
[TimeControl "5400+30"]

1. d4 Nf6 2. Nf3 e6 3. g3 d5 4. Bg2 Be7 5. O-O O-O 6. c4 dxc4 7. Qc2 b5 8. a4 b4 9. Nbd2 Nd5 10. Nxc4 Ba6 11. b3 Nd7 12. Bb2 Bf6 13. a5 g6 14. Rfd1 Bg7 15. Rac1 Rc8 16. e4 N5f6 17. e5 Nd5 18. Bf1 Bb7 19. Be2 Nb8 20. Nfd2 Qe7 21. Ne4 Na6 22. Qb1 Rfd8 23. Bf3 Kh8 24. h4 Ba8 25. Qd3 Bh6 26. Rc2 Rb8 27. h5 Bb7 28. Kg2 Rg8 29. Rh1 gxh5 30. Rxh5 Nf4+ 31. Kf1 Nxd3 32. Rxh6 Rg6 33. Rh4 Nxb2 34. Nxb2 h6 35. Nd3 Rd8 36. Nf4 Rxd4 37. Nf6 Rxf6 38. Bxb7 Rfxf4 39. Rxf4 Rxf4 40. gxf4 Nc5 41. a6 Nxb3 42. Rc6 Na5 43. Rc1 b3 44. Rb1 Qb4 45. Rd1 b2 46. Rd8+ Kg7 47. Rd1 b1=Q 48. Rxb1 Qxb1+ 49. Kg2 Nxb7 50. axb7 Qxb7+ 51. Kg3 Qh1 52. f3 Qg1+ 53. Kh4 Qh2+ 54. Kg4 Kg6 55. f5+ exf5# 0-1

[Event "FIDE WCCC Open-08 2024"]
[Site "Montesilvano"]
[Date "2024.11.22"]
[Round "7.11"]
[White "Lan, Kai Zhou"]
[Black "Nurshin, Nurali"]
[Result "0-1"]
[ECO "B28"]
[WhiteElo "1784"]
[BlackElo "1612"]
[Annotator "NA RC"]
[PlyCount "72"]
[EventDate "2024.11.18"]
[EventType "swiss"]
[EventCountry "ITA"]
[SourceTitle "playchess.com"]
[Source "ChessBase"]
[SourceQuality "1"]
[TimeControl "5400+30"]

1. e4 c5 2. Nf3 a6 3. c3 d5 4. exd5 Qxd5 5. d4 e6 6. Be2 Nf6 7. O-O cxd4 8. cxd4 Bd6 9. Nc3 Qa5 10. Bd2 Qd8 11. Ne5 O-O 12. f4 Qb6 13. Be3 Nc6 14. Nc4 Qc7 15. Bf3 Rd8 16. d5 exd5 17. Bb6 Bc5+ 18. Bxc5 dxc4 19. Qe2 Nd4 20. Bxd4 Rxd4 21. Nd5 Rxd5 22. Bxd5 Qc5+ 23. Qf2 Qxd5 24. Rfd1 Qa5 25. Qd4 Bg4 26. Re1 h6 27. Re5 Qd8 28. Qxc4 Rc8 29. Qb4 Rc2 30. Qxb7 Qd4+ 31. Kh1 Qxf4 32. Qb8+ Kh7 33. Rc5 Qxb8 34. Rxc2 Bf5 35. Rf2 Ng4 36. g3 Nxf2+ 0-1

[Event "FIDE WCCC Open-08 2024"]
[Site "Montesilvano"]
[Date "2024.11.22"]
[Round "7.12"]
[White "Zhang, Yangming"]
[Black "Jevglevski, Lev"]
[Result "1/2-1/2"]
[ECO "C09"]
[WhiteElo "1770"]
[BlackElo "1602"]
[Annotator "NA RC"]
[PlyCount "56"]
[EventDate "2024.11.18"]
[EventType "swiss"]
[EventCountry "ITA"]
[SourceTitle "playchess.com"]
[Source "ChessBase"]
[SourceQuality "1"]
[TimeControl "5400+30"]

1. e4 e6 2. d4 d5 3. Nd2 c5 4. Ngf3 Nc6 5. exd5 exd5 6. Bb5 Bd6 7. O-O Nge7 8. dxc5 Bxc5 9. Nb3 Bb6 10. Bf4 O-O 11. Re1 Nf5 12. Qd2 Be6 13. Rad1 Qf6 14. c3 h6 15. Be5 Nxe5 16. Nxe5 Nd6 17. Bd3 Rad8 18. Nd4 Rfe8 19. Kh1 Bf5 20. Bxf5 Nxf5 21. f4 Nd6 22. a4 Ne4 23. Qe3 Bc7 24. Ndf3 Qb6 25. Qxb6 Bxb6 26. Nd3 f6 27. g3 Bf2 28. Rf1 Bb6 1/2-1/2

[Event "FIDE WCCC Open-08 2024"]
[Site "Montesilvano"]
[Date "2024.11.22"]
[Round "7.13"]
[White "Elemes, Nurmukhamed"]
[Black "Nguyen Thanh San"]
[Result "1-0"]
[ECO "E12"]
[WhiteElo "1735"]
[BlackElo "1493"]
[Annotator "NA RC"]
[PlyCount "88"]
[EventDate "2024.11.18"]
[EventType "swiss"]
[EventCountry "ITA"]
[SourceTitle "playchess.com"]
[Source "ChessBase"]
[SourceQuality "1"]
[TimeControl "5400+30"]

1. d4 Nf6 2. c4 e6 3. Nf3 b6 4. a3 Bb7 5. Nc3 d5 6. cxd5 Nxd5 7. Qc2 Nxc3 8. bxc3 Nd7 9. e4 c5 10. Bd3 Rc8 11. Qe2 Be7 12. Bb2 O-O 13. O-O Nf6 14. e5 Nd5 15. Qe4 g6 16. Qg4 Qd7 17. c4 f5 18. Qg3 Nc7 19. Rfd1 Qe8 20. Qf4 Kh8 21. Be2 cxd4 22. Rxd4 Qf7 23. Rd7 Bc6 24. Rd6 Bb7 25. Rad1 Bxf3 26. Bxf3 Rcd8 27. Qd4 Qg8 28. Qe3 Na6 29. Rd7 Qf7 30. Rxa7 Nc5 31. Rd6 Kg8 32. Rxb6 f4 33. Qe2 Rb8 34. Rxb8 Rxb8 35. h3 Qe8 36. Bc3 Na4 37. Bb4 Bxb4 38. axb4 Rxb4 39. Ra8 Rb8 40. Bc6 Nc3 41. Qf3 Qc8 42. Rxb8 Qxb8 43. Qxc3 Kf7 44. Qd4 Qb1+ 1-0

[Event "FIDE WCCC Open-08 2024"]
[Site "Montesilvano"]
[Date "2024.11.22"]
[Round "7.14"]
[White "Zhu, Daniel"]
[Black "Singh, Ian Avery"]
[Result "1-0"]
[ECO "D02"]
[WhiteElo "2050"]
[BlackElo "1713"]
[Annotator "NA RC"]
[PlyCount "61"]
[EventDate "2024.11.18"]
[EventType "swiss"]
[EventCountry "ITA"]
[SourceTitle "playchess.com"]
[Source "ChessBase"]
[SourceQuality "1"]
[TimeControl "5400+30"]

1. d4 d5 2. Bf4 c5 3. e3 Nc6 4. c3 Nf6 5. Nf3 Qb6 6. Qb3 c4 7. Qc2 Bf5 8. Qc1 e6 9. Be2 Be7 10. Nbd2 O-O 11. O-O Rfc8 12. Nh4 Qd8 13. Nxf5 exf5 14. Qb1 Ne4 15. Nxe4 dxe4 (15... fxe4 $2 {too greedy.} 16. Bg4 $18) 16. Bxc4 Ne5 17. Be2 $16 Ng6 18. Bg3 Bg5 19. c4 Qe7 20. c5 f4 21. exf4 Bxf4 22. Bxf4 Nxf4 23. Bc4 Qh4 24. Kh1 Rc6 25. Qxe4 Rh6 26. h3 Qg4 27. Rfe1 Rxh3+ 28. Kg1 Rf8 29. Qxb7 Rh6 30. Qxf7+ Rxf7 31. Re8# 1-0

[Event "FIDE WCCC Open-08 2024"]
[Site "Montesilvano"]
[Date "2024.11.22"]
[Round "7.15"]
[White "Morozevich, Kirill Aleks"]
[Black "Kapitanski, Furion"]
[Result "1-0"]
[ECO "D31"]
[WhiteElo "1484"]
[BlackElo "1707"]
[Annotator "NA RC"]
[PlyCount "81"]
[EventDate "2024.11.18"]
[EventType "swiss"]
[EventCountry "ITA"]
[SourceTitle "playchess.com"]
[Source "ChessBase"]
[SourceQuality "1"]
[TimeControl "5400+30"]

1. d4 d5 2. c4 Nc6 3. Nc3 e6 4. cxd5 exd5 5. Bf4 Bf5 6. e3 Nf6 7. h3 Bd6 8. Bg5 Be7 9. Bd3 Bg6 10. Nf3 O-O 11. O-O Bh5 12. Be2 h6 13. Bh4 Re8 14. Bxf6 Bxf6 15. Qb3 Ne7 16. Qxb7 Rb8 17. Qxa7 Rxb2 18. Rab1 Rc2 19. Rfc1 Rxc1+ 20. Rxc1 Qb8 21. Qxb8 Rxb8 22. Rb1 Ra8 23. Rb5 c6 24. Rc5 Ra3 25. g4 Bg6 26. Ne5 Bxe5 27. dxe5 f6 28. e6 Be8 29. Bd1 Ra6 30. a4 Nc8 31. Nxd5 cxd5 32. Rxc8 Rxe6 33. Bb3 Re5 34. Bxd5+ Rxd5 35. Rxe8+ Kf7 36. Ra8 Rd1+ 37. Kg2 Ra1 38. a5 g6 39. a6 Ke7 40. a7 Kd7 41. Rh8 1-0

[Event "FIDE WCCC Open-08 2024"]
[Site "Montesilvano"]
[Date "2024.11.22"]
[Round "7.16"]
[White "Lau, Great Boyou"]
[Black "Meiyazhagan, Kaviinayan"]
[Result "0-1"]
[ECO "C45"]
[WhiteElo "1514"]
[BlackElo "1707"]
[Annotator "NA RC"]
[PlyCount "126"]
[EventDate "2024.11.18"]
[EventType "swiss"]
[EventCountry "ITA"]
[SourceTitle "playchess.com"]
[Source "ChessBase"]
[SourceQuality "1"]
[TimeControl "5400+30"]

1. e4 e5 2. Nf3 Nc6 3. d4 exd4 4. Nxd4 Bc5 5. Nb3 Bb6 6. Nc3 h6 7. Bf4 Nge7 8. Qd2 Ng6 9. Bg3 O-O 10. O-O-O d6 11. Kb1 Be6 12. f4 a5 13. f5 Bxb3 14. cxb3 Nge5 15. Nd5 Bd4 16. Be2 f6 17. Nf4 Qb8 18. Ne6 Bc5 19. Nxf8 Kxf8 20. Bh5 a4 21. bxa4 Rxa4 22. Bxe5 Nxe5 23. Qc2 Qa7 24. b3 Nc4 25. Qc3 Na3+ 26. Ka1 Nb5 27. Qb2 Bd4 28. Rxd4 Rxd4 29. Re1 Qa5 30. Rd1 Rxe4 31. Qc2 Na3 32. Qb2 Re1 33. Qc1 Qe5+ 34. Qb2 Nc2+ 35. Kb1 Rxd1+ 36. Bxd1 Qxb2+ 37. Kxb2 Ne3 38. Bf3 c6 39. g4 h5 40. h3 h4 41. Kc3 Ke7 42. Kd3 Nf1 43. a4 d5 44. b4 Kd6 45. Bg2 Ng3 46. Bf3 Ke5 47. Bg2 Ne4 48. Ke3 Nc3 49. Bf1 Nxa4 50. Bd3 b5 51. Bc2 Nb6 52. Bb1 Nc4+ 53. Kf2 Kd4 54. Ke2 Kc3 55. Ba2 Kb2 56. Bxc4 dxc4 57. g5 c3 58. gxf6 gxf6 59. Kf3 c2 60. Kg4 c1=Q 61. Kf3 Kc3 62. Kg4 Qe3 63. Kh5 Qg5# 0-1

[Event "FIDE WCCC Open-08 2024"]
[Site "Montesilvano"]
[Date "2024.11.22"]
[Round "7.18"]
[White "Mankovich, Yoav"]
[Black "Czachurski, Ignacy"]
[Result "0-1"]
[ECO "A08"]
[WhiteElo "1490"]
[BlackElo "1672"]
[Annotator "NA RC"]
[PlyCount "52"]
[EventDate "2024.11.18"]
[EventType "swiss"]
[EventCountry "ITA"]
[SourceTitle "playchess.com"]
[Source "ChessBase"]
[SourceQuality "1"]
[TimeControl "5400+30"]

1. e4 c5 2. Nf3 e6 3. d3 Nc6 4. Nbd2 g6 5. g3 Bg7 6. Bg2 Nge7 7. O-O d5 8. Re1 O-O 9. c3 dxe4 10. Nxe4 b6 11. Bg5 h6 12. Bf6 Bxf6 13. Nxf6+ Kg7 14. Ng4 Ba6 15. Qd2 Rh8 16. c4 Rc8 17. Re4 Nd4 18. Nxd4 cxd4 19. Qf4 Nc6 20. Ne5 Nxe5 21. Qxe5+ Qf6 22. Qxf6+ Kxf6 23. Rxd4 Rhd8 24. Rf4+ Ke7 25. Bf1 f5 26. b3 Bb7 0-1